 Dungeon Crawl Stone Soup version 0.24-a0-137-gd96d3d62bd (webtiles) character file.

Game seed: 0

735 Morbidden the Chopper (level 7, -1/61 HPs)
             Began as a Hill Orc Fighter on Mar 1, 2019.
             Was a Follower of Beogh.
             Slain by Pikel
             ... wielding a +1 whip of electrocution
              (4 damage)
             ... on level 5 of the Dungeon.
             The game lasted 00:08:55 (3730 turns).

Morbidden the Chopper (Hill Orc Fighter)            Turns: 3730, Time: 00:08:55

Health: -1/61      AC: 12    Str: 21    XL:     7   Next: 74%
Magic:  8/8        EV:  2    Int:  8    God:    Beogh [*.....]
Gold:   187        SH: 15    Dex: 10    Spells: 6/6 levels left

rFire    . . .     SeeInvis .   a - +0 war axe
rCold    . . .     Gourm    .   b - +0 large shield
rNeg     . . .     Faith    .   e - +0 plate armour
rPois    .         Spirit   .   (no helmet)
rElec    .         Reflect  .   m - +0 cloak
rCorr    .         Harm     .   (no gloves)
MR       .....                  (no boots)
Stlth    ..........             (no amulet)
HPRegen  0.20/turn              h - ring of wizardry
MPRegen  0.11/turn              (no ring)

@: no status effects
A: no striking features
a: Renounce Religion


You were on level 5 of the Dungeon.
You worshipped Beogh.
Beogh was aware of your devotion.
You were hungry.

You visited 1 branch of the dungeon, and saw 5 of its levels.

You collected 187 gold pieces.

Inventory:

Hand Weapons
 a - a +0 war axe (weapon)
Missiles
 n - a throwing net (quivered)
Armour
 b - a +0 large shield (worn)
 e - a +0 plate armour (worn)
 m - a +0 cloak (worn)
Jewellery
 h - a ring of wizardry (left hand)
 o - an uncursed ring of see invisible {unknown}
Wands
 p - a wand of random effects (14)
Scrolls
 g - 3 scrolls of teleportation
 j - a scroll of remove curse {unknown}
 k - a scroll of magic mapping {unknown}
 r - a scroll of random uselessness {unknown}
Potions
 d - a potion of might
 i - a potion of curing
 l - a potion of heal wounds
 q - a potion of ambrosia {unknown}
 s - a potion of haste
Comestibles
 f - 6 rations


   Skills:
 + Level 5.1 Fighting
 * Level 7.2 Axes
 + Level 3.9 Armour
 + Level 0.2 Dodging
 * Level 6.2 Shields
 * Level 2.6 Invocations


You had 6 spell levels left.
You didn't know any spells.
Your spell library contained the following spells:

 Spells                   Type           Power        Failure   Level  Hunger
 Confusing Touch          Hex            #.....       100%        1    ##.....
 Confuse                  Hex            #.......     100%        3    ####...
 Gell's Gravitas          Tloc           #.........   100%        3    ####...
 Petrify                  Tmut/Erth      #.......     100%        4    #####..
 Metabolic Englaciation   Hex/Ice        #.........   100%        5    ######.
 Yara's Violent Unravell  Hex/Tmut       #.........   100%        5    ######.


Dungeon Overview and Level Annotations

Branches:
Dungeon (5/15)
 Temple: D:4-7

Altars:
Ashenzari
Cheibriados
Dithmenos
Gozag
Makhleb
Okawaru
Trog
Uskayaw
Yredelemnul

Annotations:
D:3 Ijyb, Natasha, Robin
D:5 Pikel


Message History

Pikel hits you with a +1 whip of electrocution!
You are electrocuted!
You slash Pikel!
Pikel is lightly wounded.
Pikel hits you with a +1 whip of electrocution!
Pikel hits you but does no damage.
You slash Pikel!
Pikel is moderately wounded.
Pikel hits you but does no damage.
You are electrocuted!
You block Pikel's attack.
Your shield and plate armour prevent you from hitting Pikel.
Pikel is moderately wounded.
Pikel hits you with a +1 whip of electrocution.
* * * LOW HITPOINT WARNING * * *
You are electrocuted!
* * * LOW HITPOINT WARNING * * *
You slash Pikel!
Pikel is heavily wounded.
Pikel hits you with a +1 whip of electrocution.
You die...

.......##.#.#####........#
.......##.#.....#........#
..........##....# ......#
.......##.##....# ......#
.......##.##....# .......
.....#######....# l......
.....# #...## .......
.....#######.#.####p......
................@Kpp......
...............####.....p.
................# .......
..............#.###.......
..........................
...[.#######'#.#.##.###..#
.....# #...#.#+# +# #+#
##########.###...
.......<........


You could see Pikel (berserk) and 3 slaves.

Vanquished Creatures
  Duvessa (D:5)
  A slave (D:5)
  A scorpion (D:4)
  Dowan (D:5)
  A crimson imp (D:5)
  3 hounds
  An orc priest (D:5)
  Jessica (D:3)
  2 iguanas
  An orc wizard (D:5)
  Natasha (D:3)
  3 worker ants (D:5)
  3 gnolls (D:2)
  6 adders
  2 oozes
  An adder skeleton (D:3)
  2 worms
  A dart slug (D:1)
  A leopard gecko (D:1)
  8 orcs
  A ball python (D:1)
  4 bats (D:1)
  A giant cockroach (D:2)
  10 goblins
  9 hobgoblins
  7 jackals (D:3)
  6 kobolds
  A quokka (D:2)
  3 frilled lizards
  A leopard gecko skeleton (D:5)
  A quokka skeleton (D:4)
  7 rats
92 creatures vanquished.

Vanquished Creatures (others)
  An orc priest (D:3)
  A shadow imp (D:3)
  2 orcs (D:3)
4 creatures vanquished.

Grand Total: 96 creatures vanquished

Notes
Turn   | Place    | Note
-------+----------+-------------------------------------------
     0 | D:1      | Morbidden the Hill Orc Fighter began the quest for the Orb.
     0 | D:1      | Reached XP level 1. HP: 19/19 MP: 1/1
    44 | D:1      | Reached skill level 3 in Axes
    44 | D:1      | Reached XP level 2. HP: 25/27 MP: 2/2
   386 | D:1      | Reached XP level 3. HP: 32/33 MP: 3/3
   814 | D:2      | Reached XP level 4. HP: 37/40 MP: 4/4
   815 | D:2      | Found a bloodstained altar of Trog.
   831 | D:2      | Reached skill level 4 in Axes
   930 | D:2      | Found an iron altar of Okawaru.
  1449 | D:3      | Found a snail-covered altar of Cheibriados.
  1482 | D:3      | Became a worshipper of Beogh the Brigand
  1521 | D:3      | Noticed Natasha
  1531 | D:3      | Reached XP level 5. HP: 37/46 MP: 5/5
  1533 | D:3      | Noticed Jessica
  1543 | D:3      | Noticed Robin
  1548 | D:3      | Killed Natasha
  1550 | D:3      | Killed Jessica
  1550 | D:3      | Reached skill level 5 in Axes
  1881 | D:3      | Reached * piety under Beogh
  1887 | D:3      | Noticed Ijyb
  1887 | D:3      | Noticed a centaur
  1889 | D:3      | Noticed Natasha
  2148 | D:4      | Reached skill level 5 in Shields
  2148 | D:4      | Reached skill level 1 in Invocations
  2148 | D:4      | Reached XP level 6. HP: 40/52 MP: 6/6
  2327 | D:4      | Found a burning altar of Makhleb.
  2714 | D:4      | Reached skill level 6 in Axes
  2817 | D:4      | Found a shattered altar of Ashenzari.
  2817 | D:4      | Found a shadowy altar of Dithmenos.
  2822 | D:4      | Found a basalt altar of Yredelemnul.
  2824 | D:4      | Found a faded altar of an unknown god.
  2825 | D:4      | Found an opulent altar of Gozag.
  2873 | D:5      | Entered Level 5 of the Dungeon
  2954 | D:5      | Noticed Duvessa
  2954 | D:5      | Noticed Dowan
  2993 | D:5      | Killed Dowan
  2993 | D:5      | Reached XP level 7. HP: 37/60 MP: 6/8
  2996 | D:5      | Killed Duvessa
  2996 | D:5      | Reached skill level 7 in Axes
  3011 | D:5      | Found a hide-covered altar of Uskayaw.
  3455 | D:5      | Reached skill level 5 in Fighting
  3661 | D:5      | Got a dazzling quarterstaff
  3691 | D:5      | Identified the +4 quarterstaff of Retosys {antimagic, rC+
                  | Dex+4} (You found it on level 5 of the Dungeon)
  3717 | D:5      | Noticed Pikel
  3729 | D:5      | HP: 3/61 [Pikel/+1 whip of electrocution (15)]
  3730 | D:5      | Slain by Pikel

Levels and vault maps discovered:
D:1:      sevenhm_arrival_forest_fort_small_4, layout_rooms, kennysheep_doodads,
          minmay_heptomino_o4
D:2:      layout_loops_ring, okawaru_gym_becter, bloody_trog,
          grunt_ministairs_10
D:3:      minmay_recursive_quarters, layout_basic, marbit_many_paths,
          first_ration, kennysheep_generic_room_12, uniq_ijyb, uniq_natasha,
          uniq_jessica, uniq_robin
D:4:      layout_loops_ring, makhleb_heckhound_becter,
          chequers_temple_overflow_minitemple, guppyfry_early_lair_pool
D:5:      layout_basic, eat_drink_and_be_merry_uskayaw, grunt_ministairs_11,
          minmay_ruined_shrine, uniq_pikel, uniq_duvessa, uniq_edmund

Skill      XL: |  1  2  3  4  5  6  7 |
---------------+----------------------+-----
Axes           | 3 4 5 6 7 |  7.2
Fighting       | 4 5 |  5.1
Shields        | 4 5 6 |  6.2
Invocations    | 1 2 |  2.6
Armour         | |  3.9
Dodging        | |  0.2

Action                   |  1- 3 |  4- 6 |  7- 9 || total
-------------------------+-------+-------+-------++-------
Melee: War axe           |    86 |   238 |    87 ||   411
Invok: Convert to Beogh  |       |     1 |       ||     1
Evoke: Wand              |       |       |     1 ||     1
  Use: Potion            |       |     7 |       ||     7
       Scroll            |       |     2 |     2 ||     4
  Eat: Chunk             |       |     3 |     3 ||     6
       Ration            |       |     1 |       ||     1
Armor: Scale mail        |     5 |       |       ||     5
       Plate armour      |    48 |   172 |    44 ||   264
       Skin              |       |     9 |       ||     9
Dodge: Dodged            |    10 |    15 |     3 ||    28
Block: Shield            |     8 |       |       ||     8
       Large shield      |    59 |   245 |    64 ||   368

Table legend:
 A = Non-vault XP
 B = Vault XP
 C = Vault XP percentage of total XP
 D = Non-vault monster count
 E = Vault monster count
 F = Vault count percentage of total count
                 A         B        C        D         E       F
            +---------+---------+-------+---------+---------+-------
      Total |     656 |     394 |  37.5 |      70 |      21 |  23.1
            +---------+---------+-------+---------+---------+-------
        D:1 |      35 |      13 |  27.1 |      19 |       4 |  17.4
        D:2 |      71 |       7 |   9.0 |      13 |       2 |  13.3
        D:3 |      54 |      94 |  63.5 |      19 |      10 |  34.5
        D:4 |     139 |      69 |  33.2 |       6 |       3 |  33.3
        D:5 |     357 |     211 |  37.1 |      13 |       2 |  13.3
            +---------+---------+-------+---------+---------+-------
